 Dungeon Crawl Stone Soup version 0.14-a0-1519-gc5e2f7f (webtiles) character file.

214 MackTheKnife the Poker (level 4, -1/35 HPs)
             Began as a Human Fighter on Dec 16, 2013.
             Slain by a hound (4 damage)
             ... on Level 4 of the Dungeon.
             The game lasted 00:03:44 (1933 turns).

MackTheKnife the Poker (Human Fighter)              Turns: 1933, Time: 00:03:44

HP  -1/35        AC  9     Str 16      XL: 4   Next: 44%
MP   4/4         EV  4     Int  8      God:
Gold 144         SH 18     Dex 14      Spells:  0 memorised,  3 levels left

rFire  . . .     SeeInvis .     a - +0,+1 trident
rCold  . . .     Clarity  .     n - +0 chain mail
rNeg   . . .     Conserve .     c - +0 shield
rPois  .         rCorr    .     (no helmet)
rElec  .         rRot     .     (no cloak)
SustAb . .       Spirit   .     (no gloves)
rMut   .         Warding  .     (no boots)
Saprov . . .     Stasis   .     (no amulet)
                                (no ring)
                                (no ring)

@: slightly resistant to hostile enchantments, extremely unstealthy
A: no striking features
a: no special abilities


You were on level 4 of the Dungeon.
You were hungry.

You visited 1 branch of the dungeon, and saw 4 of its levels.

You collected 144 gold pieces.


   Skills:
 - Level 3.0 Fighting
 + Level 4.3 Polearms
 - Level 3.0 Armour
 - Level 3.0 Shields


You had 3 spell levels left.
You didn't know any spells.

Inventory:

Hand weapons
 a - a +0,+1 trident (weapon)
Armour
 c - a +0 shield (worn)
 n - a +0 chain mail (worn)
Comestibles
 d - 2 bread rations
 g - a rambutan
 p - a choko
 q - 2 meat rations
Scrolls
 b - a scroll of blinking {unknown}
 j - a scroll of amnesia
 l - a scroll of remove curse {unknown}
Jewellery
 f - an uncursed ring of ice
 r - an uncursed amulet of stasis
Potions
 e - a potion of might {unknown}
 h - a potion of brilliance {unknown}
 i - a potion of curing {unknown}
 k - a potion of lignification {unknown}
 m - a potion of agility {unknown}

▒··················
···▒···········▒····
······>▒
▒···········
▒··▒···▒·▒·········
·················
▒··▒···▒▒▒▒▒·▒·▒
▒··▒······O··o·▒
▒············▒b▒▒▒▒▒
············▒▒·h@··▒
▒········▒▒·▒▒·▒▒▒▒▒
▒········▒▒····▒
▒▒▒····▒▒▒▒▒▒▒▒▒
▒▒▒·▒▒ ▒·▒ ▒▒▒


You could see a hound, an orc and a bat.


Message History

The orc wizard casts a spell.
The orc wizard seems to speed up.
There is a stone staircase leading down here.
The orc wizard casts a spell.
You feel a wave of unholy energy pass over you.
The orc hits you with an orcish flail.
* * * LOW HITPOINT WARNING * * *
You block the orc's attack.
You climb downwards.
A hound and an ogre come into view.
The ogre shouts!
Found a stone staircase leading down.
There is a stone staircase leading up here.
You block the orc's attack.
Found a stone staircase leading down.
Read which item? (? for menu, Esc to quit)
Okay, then.
Drink which item? (? for menu, Esc to quit)
Okay, then.
Found a ring mail.
A bat comes into view.
The bat hits you but does no damage. The bat hits you but does no damage.
The hound bites you.
* * * LOW HITPOINT WARNING * * *
The bat hits you but does no damage.
You see here a ring mail.
You block the bat's attack. The hound bites you.
You die...

Action                   |  1- 3 |  4- 6 || total
-------------------------+-------+-------++-------
Melee: Trident           |    85 |    49 ||   134
  Use: Scroll            |     8 |       ||     8
       Potion            |       |     2 ||     2

Vault maps used:
D:1:      dpeg_entry_chambers_temple_mockup
D:2:      first_bread, dk_noncrumbling_3

Notes
Turn   | Place    | Note
--------------------------------------------------------------
     0 | D:1      | MackTheKnife, the Human Fighter, began the quest for the Orb.
     0 | D:1      | Reached XP level 1. HP: 18/18 MP: 1/1
   122 | D:1      | Reached XP level 2. HP: 24/24 MP: 2/2
   372 | D:1      | Reached skill level 3 in Polearms
   764 | D:2      | Reached XP level 3. HP: 29/29 MP: 3/3
  1404 | D:3      | Reached skill level 4 in Polearms
  1404 | D:3      | Reached XP level 4. HP: 25/35 MP: 4/4
  1647 | D:3      | Paralysed by a potion of paralysis for 7 turns
  1910 | D:3      | HP: 2/35 [orc/orcish flail (3)]
  1911 | D:4      | Noticed an ogre
  1930 | D:4      | HP: 3/35 [hound (1)]
  1933 | D:4      | Slain by a hound

Vanquished Creatures
  3 adders (D:3)
  2 giant geckos
  An ooze (D:2)
  2 orcs (D:3)
  A ball python (D:1)
  3 giant cockroaches
  8 goblins
  3 hobgoblins (D:2)
  A quokka (D:3)
  4 bats
  A giant newt (D:2)
  5 kobolds
  4 rats
38 creatures vanquished.
